 Dungeon Crawl Stone Soup version 0.30-b1-2-g02819fbbbe (webtiles) character file.

Game seed: 9896904831138468596

208909 MirrMurr the Tortoise (level 18, -13/120 HPs)
             Began as a Gargoyle Berserker on May 20, 2023.
             Was the Champion of Trog.
             Shot with an arrow by a naga sharpshooter (14 damage)
             ... on level 4 of the Snake Pit.
             The game lasted 01:22:33 (41822 turns).

MirrMurr the Tortoise (Gargoyle Berserker)         Turns: 41822, Time: 01:22:34

Health: -13/120    AC: 45    Str: 24    XL:     18   Next: 80%
Magic:  18/18      EV: 12    Int:  9    God:    Trog [******]
Gold:   2305       SH:  8    Dex: 13    Spells: 17/17 levels left

rFire   + . .        a - +6 demon trident (venom)
rCold   + . .        p - +2 buckler of the Original Sin {rCorr Stlth+}
rNeg    + . .        U - +2 plate armour {rPois}
rPois   ∞            q - +1 helmet
rElec   +            g - +2 cloak
rCorr   +            b - +1 pair of gloves
SInv    .            Q - +2 pair of boots
Will    +....        (no amulet) Stlth
                     y - +4 ring of slaying
HPRegen 0.40/turn    X - ring of Pook {rElec rPois rF+ rC+}
MPRegen 0.16/turn

%: no passive effects
@: weakened, flying, studying Armour
A: sickness immunity, AC +13, big wings, negative energy resistance 1,
electricity resistance, torment resistance 1, petrification resistance
}: 1/15 runes: decaying
a: Renounce Religion, Berserk, Trog's Hand, Brothers in Arms


You were on level 4 of the Snake Pit.
You worshipped Trog.
Trog was exalted by your worship.
You visited 6 branches of the dungeon, and saw 31 of its levels.
You visited the Abyss 1 time.
You also visited: Sewer and Ice Cave.

You collected 3826 gold pieces.
You spent 1521 gold pieces at shops.

Inventory:

Hand Weapons
 a - a +6 demon trident of venom (weapon)
 W - the +5 whip "Starlight" {antimagic, Str+6}
   (You found it on level 4 of the Swamp)

   Str:       It affects your strength (+6).
Missiles
 c - 39 poisoned darts
 d - 247 stones
 v - 3 throwing nets
 F - 8 boomerangs (quivered)
 H - 4 curare-tipped darts
 S - 17 javelins
Armour
 b - a +1 pair of gloves (worn)
 g - a +2 cloak (worn)
 p - the +2 buckler of the Original Sin (worn) {rCorr Stlth+}
   (You acquired it on level 6 of the Dungeon)

   rCorr:     It protects you from acid and corrosion.
   Stlth:     It makes you more stealthy.
 q - a +1 helmet (worn)
 Q - a +2 pair of boots (worn)
 U - a +2 plate armour of poison resistance (worn)
Jewellery
 y - a +4 ring of slaying (left hand)
 E - a ring of see invisible
 P - the ring "Pyhaos" {rCorr Int+5}
   (You found it on level 4 of the Lair of Beasts)

   [ring of resist corrosion]

   Int:       It affects your intelligence (+5).
   rCorr:     It protects you from acid and corrosion.
 X - the ring of Pook (right hand) {rElec rPois rF+ rC+}
   (You acquired it on level 3 of the Snake Pit)

   [ring of protection from fire]

   rF:        It protects you from fire.
   rC:        It protects you from cold.
   rElec:     It insulates you from electricity.
   rPois:     It protects you from poison.
Wands
 n - a wand of polymorph (14)
 t - a wand of digging (5)
 u - a wand of flame (22)
 w - a wand of mindburst (39)
 B - a wand of quicksilver (20)
 I - a wand of iceblast (51)
 L - a wand of paralysis (27)
Scrolls
 f - 3 scrolls of silence
 i - 19 scrolls of identify
 j - a scroll of butterflies
 k - 8 scrolls of poison
 l - 15 scrolls of teleportation
 m - 5 scrolls of fog
 s - a scroll of torment
 x - 6 scrolls of blinking
 C - 2 scrolls of vulnerability
 K - 3 scrolls of magic mapping
 O - 5 scrolls of fear
 R - 6 scrolls of immolation
Potions
 e - 5 potions of flight
 h - 9 potions of curing
 o - a potion of ambrosia
 r - 4 potions of cancellation
 A - 9 potions of haste
 D - 4 potions of mutation
 G - a potion of invisibility
 J - 3 potions of heal wounds
 N - 3 potions of resistance
 T - 5 potions of might
 Y - a potion of experience
Miscellaneous
 M - a condenser vane


   Skills:
 + Level 15.6 Fighting
 - Level 14.0 Polearms
 + Level 10.1 Throwing
 + Level 15.9 Armour
 + Level 13.4 Dodging
 - Level 10.0 Shields
 - Level 10.0 Evocations


You had 17 spell levels left.
You didn't know any spells.
Your spell library was empty.

Dungeon Overview and Level Annotations

Branches:
Dungeon (15/15)            Temple (1/1) D:5            Lair (5/5) D:8
  Swamp (4/4) Lair:3        Snake (4/4) Lair:3        Slime (0/5) Lair:5
    Orc (2/2) D:9             Elf (0/3) Orc:2        Vaults (0/5) D:14
 Depths (0/4) D:15          Sewer (visited)           IceCv (visited)

Altars:
Ashenzari
Dithmenos
Gozag
Makhleb
Nemelex Xobeh
Okawaru
Qazlal
Sif Muna
Trog
Uskayaw
Wu Jian
Yredelemnul
The Shining One

Shops:
D:2 =   D:7 ?   D:9 (   D:12 :   D:15 :=   Orc:2 [((:*(!:(   Snake:2 (
Snake:4 [?[

Portals:
Hell: Lair:5

Annotations:
D:6 4 runed translucent doors
Lair:2 2 transporters, Flugkiller's ghost, journeyman BaEn
Swamp:3 1 runed translucent door
Snake:1 2 transporters, sleeves's ghost, adept BaSu
Orc:1 2 transporters, Necsenou's ghost, journeyman GnWn
Orc:2 3 runed translucent doors, GrimJard's ghost, journeyman DEIE


Innate Abilities, Weirdness & Mutations

You are immune to sickness and miasma.
Your stone body is resilient. (AC +13)
You are immune to poison.
Your large and strong wings let you fly.
You resist negative energy. (rN+)
You are resistant to electric shocks. (rElec)
You are resistant to unholy torment.
You are immune to petrification.


Message History

The salamander tyrant attacks as you move away!
The salamander tyrant misses you.
A naga sharpshooter comes into view. It is wielding a +0 battleaxe.
The naga sharpshooter shouts!
The salamander tyrant calls gouts of flame from the lava!
The flame surge hits you but does no damage.
The nagaraja mumbles some strange words.
The nagaraja seems to speed up.
The naga sharpshooter shoots an arrow.
The arrow hits you but does no damage.
The salamander tyrant gazes fiercely through you!
You feel as though you will be weak longer.
The salamander tyrant hits you but does no damage.
You hear a shout! x2
You hit the salamander tyrant but do no damage.
The salamander tyrant looks as sick as possible!
The salamander tyrant is almost dead.
The naga sharpshooter mumbles some strange words.
The naga sharpshooter magically shoots an arrow.
The arrow hits you but does no damage.
The naga sharpshooter unwields a +0 battleaxe.
The naga sharpshooter wields a +0 shortbow.
The naga sharpshooter shoots an arrow.
The arrow hits you!
You barely miss the salamander tyrant.
The salamander tyrant is almost dead.
The salamander tyrant calls gouts of flame from the lava!
The flame surge hits you!! You resist.
* * * LOW HITPOINT WARNING * * *
The salamander tyrant calls gouts of flame from the lava!
The flame surge hits you!! You resist.
* * * LOW HITPOINT WARNING * * *
The naga sharpshooter mumbles some strange words.
The naga sharpshooter magically shoots an arrow.
You block the arrow.
You hear a shout!
Unknown command.
You impale the naga sharpshooter!!
The naga sharpshooter is severely wounded.
You block the salamander tyrant's attack.
The naga sharpshooter shoots an arrow.
The arrow hits you!
You die...

................).....##
...N................###
.....#.......†...####
.............#####
##......###### #......#
#......# #....≈.#
#....≈@# ##....NN######
.............##
...N#...........
....(NN.........
................
##......#####...
#......# ## #...)..#


You could see a nagaraja (fast, strong), a naga warrior, 2 naga sharpshooters
and 2 salamander tyrants.

Vanquished Creatures
  Rupert (Orc:2)
  Gastronok (D:8)
  2 thorn hunters (Swamp:4)
  Roxanne (Swamp:1)
  The ghost of Stil the Eclecticist, an adept DsIE of Sif Muna (Snake:3)
  2 frost giants (IceCv)
  Aizul (Swamp:2)
  An ironbound preserver (D:14)
  An orc warlord (Orc:2)
  7 eleionomae
  2 dire elephants
  5 bunyips
  3 shambling mangroves
  A ghost crab (Swamp:4)
  15 hydras
  Erolcha (Orc:2)
  An ogre mage (D:15)
  5 centaur warriors
  7 two-headed ogres
  11 anacondas
  3 ironbound frosthearts (IceCv)
  5 alligators
  8 boulder beetles
  9 naga warriors
  6 death yaks
  An orc high priest (Orc:2)
  7 naga sharpshooters
  5 shock serpents
  A sun demon (Lair:5)
  A salamander mystic (Snake:2)
  3 skeletal warriors
  2 goliath frogs
  A skyshark (Lair:5)
  Amaemon (Lair:1)
  A glowing orange brain (shapeshifter) (D:15)
  6 naga ritualists
  2 spriggan druids
  An orange crystal statue (IceCv)
  11 bog bodies
  13 swamp dragons
  A wizard (Lair:5)
  2 harpies (shapeshifter)
  6 orc knights
  A wolf spider (D:15)
  8 mana vipers
  8 cyclopes
  3 deep elf pyromancers
  5 orc sorcerers (Orc:2)
  19 ugly things
  11 manticores
  5 salamanders
  6 will-o-the-wisps
  A water nymph (shapeshifter) (D:13)
  Maurice (Orc:1)
  2 guardian serpents
  11 elephants (Lair:5)
  29 black mambas
  4 orange demons
  2 gargoyles (D:12)
  12 cane toads
  A smoke demon (Lair:5)
  13 naga magi
  Maggie (D:8)
  An efreet (D:14)
  3 unseen horrors
  7 yaktaurs
  30 rime drakes
  7 komodo dragons
  2 kobold demonologists
  5 freezing wraiths
  An ice devil (Lair:5)
  12 trolls
  2 red devils (Lair:5)
  A wind drake (shapeshifter) (D:14)
  18 polar bears
  12 tyrant leeches
  11 hornets
  8 saltlings (Orc:2)
  9 blink frogs
  3 spriggans
  3 slime creatures
  3 shadows
  Sigmund (D:2)
  2 wraiths
  5 wyverns
  50 yaks
  2 unseen horror simulacra (D:8)
  15 vampire mosquitoes
  6 basilisks
  8 redbacks (D:15)
  3 steam dragons
  Grum (D:8)
  Menkaure (D:4)
  37 nagas
  3 wargs (Orc:2)
  4 acid dragons
  15 swamp worms
  3 hell hounds (Lair:5)
  21 water moccasins
  5 swamp drakes (Swamp:4)
  21 orc warriors
  2 meliai simulacra (D:15)
  A black bear (shapeshifter) (D:14)
  6 black bears
  6 ice beasts
  38 wolves
  A centaur (D:7)
  13 ogres
  A kobold brigand (D:8)
  A phantom (D:5)
  13 bullfrogs
  3 gnoll sergeants
  3 scorpions
  15 wights
  8 killer bees
  An electric eel (Lair:1)
  11 howler monkeys
  5 hounds
  Crazy Yiuf (D:2)
  A jelly (D:6)
  10 orc priests
  A gnoll bouda (D:6)
  5 iguanas
  3 sleepcaps
  19 orc wizards
  7 hell rats (Lair:5)
  A centaur simulacrum (D:8)
  2 killer bee simulacra (D:8)
  15 gnolls
  10 adders
  A shadow imp (D:5)
  10 white imps
  A howler monkey simulacrum (D:8)
  4 ufetubi
  3 worms
  A dart slug (D:1)
  66 orcs
  3 endoplasms
  16 giant cockroaches
  15 goblins
  8 hobgoblins
  9 quokkas
  9 ball pythons
  8 bats
  5 frilled lizards
  12 kobolds
  10 rats
  A pillar of salt (Orc:2)
1034 creatures vanquished.

Vanquished Creatures (others)
  An alligator (Swamp:1)
  2 bloated husks
  A bush (Lair:5)
  35 foxfires
  25 fungi
  6 pillars of salt (Orc:2)
  37 plants
107 creatures vanquished.

Grand Total: 1141 creatures vanquished

Notes
Turn   | Place    | Note
-------+----------+-------------------------------------------
     0 | D:1      | MirrMurr the Gargoyle Berserker began the quest for the
                  | Orb.
     0 | D:1      | Reached XP level 1. HP: 14/14 MP: 1/1
   206 | D:1      | Reached XP level 2. HP: 19/19 MP: 2/2
   540 | D:1      | Reached XP level 3. HP: 23/23 MP: 3/3
   587 | D:1      | Reached ** piety under Trog
  1153 | D:2      | Found a runed translucent door.
  1154 | D:2      | Noticed Crazy Yiuf
  1162 | D:2      | Killed Crazy Yiuf
  1163 | D:2      | Reached XP level 4. HP: 25/29 MP: 4/4
  1469 | D:2      | Noticed Sigmund
  1485 | D:2      | Killed Sigmund
  1486 | D:2      | Reached XP level 5. HP: 26/34 MP: 5/5
  1486 | D:2      | Reached XP level 6. HP: 29/39 MP: 6/6
  1617 | D:2      | Found Gojedwav's Jewellery Shoppe.
  1714 | D:2      | Found a hide-covered altar of Uskayaw.
  2268 | D:3      | Found a faded altar of an unknown god.
  2414 | D:3      | Identified the +1 dagger of the Brain {heavy, *Slow rElec
                  | rN++ Str+4}
  3455 | D:4      | Found a glowing drain.
  3464 | Sewer    | Entered a sewer
  3517 | Sewer    | Reached *** piety under Trog
  3959 | Sewer    | Reached XP level 7. HP: 23/44 MP: 7/7
  3968 | Sewer    | Reached skill level 5 in Polearms
  4447 | D:4      | Reached skill level 5 in Fighting
  4792 | D:4      | Noticed Menkaure
  4799 | D:4      | Killed Menkaure
  4800 | D:4      | Reached XP level 8. HP: 49/49 MP: 8/8
  5082 | D:5      | Entered Level 5 of the Dungeon
  5148 | D:5      | Found a staircase to the Ecumenical Temple.
  5154 | Temple   | Entered the Ecumenical Temple
  5448 | D:5      | Reached skill level 5 in Armour
  5828 | D:5      | Reached **** piety under Trog
  6204 | D:6      | Reached XP level 9. HP: 56/56 MP: 9/9
  6450 | D:6      | Identified a scroll of acquirement
  6450 | D:6      | Acquired the +2 buckler of the Original Sin {rCorr Stlth+}
  6776 | D:6      | Found a shadowy altar of Dithmenos.
  6776 | D:6      | Found an ornate altar of the Wu Jian Council.
  6776 | D:6      | Found a hide-covered altar of Uskayaw.
  6776 | D:6      | Found an iron altar of Okawaru.
  6777 | D:6      | Found a shimmering blue altar of Sif Muna.
  6777 | D:6      | Found a stormy altar of Qazlal.
  6778 | D:6      | Found a glowing golden altar of the Shining One.
  6778 | D:6      | Found a sparkling altar of Nemelex Xobeh.
  6778 | D:6      | Found a basalt altar of Yredelemnul.
  6847 | D:6      | Reached skill level 1 in Shields
  6995 | D:6      | Found a large runed translucent door.
  6995 | D:6      | Found a large runed translucent door.
  7067 | D:6      | Reached skill level 5 in Dodging
  7148 | D:6      | Killed an unseen horror
  7279 | D:6      | Identified the staff of poison "Tuhuten" {rPois Int-5 SInv
                  | Stlth+}
  7355 | D:6      | Noticed a troll
  7358 | D:6      | Noticed a two-headed ogre
  7453 | D:6      | Found a large runed translucent door.
  7453 | D:6      | Found a large runed translucent door.
  7522 | D:6      | Noticed a kobold demonologist
  7556 | D:6      | Killed a kobold demonologist
  7557 | D:6      | Reached XP level 10. HP: 53/63 MP: 10/10
  7909 | D:7      | Found Vedigouw's Magic Scroll Boutique.
  7929 | D:7      | Bought a scroll of teleportation for 39 gold pieces
  9388 | D:8      | Noticed Grum
  9438 | D:8      | Killed Grum
  9559 | D:8      | Noticed Maggie
  9567 | D:8      | Killed Maggie
  9670 | D:8      | Found a staircase to the Lair.
  9797 | D:8      | Reached skill level 5 in Shields
  9809 | D:8      | Reached XP level 11. HP: 27/68 MP: 11/11
 10023 | D:8      | Noticed Gastronok
 10046 | D:8      | Killed Gastronok
 10311 | D:8      | Noticed a boulder beetle
 10321 | D:8      | Killed a boulder beetle
 10322 | D:8      | Reached skill level 10 in Polearms
 10567 | D:8      | Noticed a death yak
 10571 | D:8      | Reached ***** piety under Trog
 10585 | D:8      | Killed a death yak
 11049 | D:9      | Noticed a boulder beetle
 11095 | D:9      | Killed a boulder beetle
 11566 | D:9      | Found a staircase to the Orcish Mines.
 11567 | D:9      | Found Ryom's Weapon Boutique.
 11679 | D:9      | Noticed a manticore
 11682 | D:9      | Noticed a cyclops
 11779 | D:9      | Killed a cyclops
 11955 | D:9      | Killed a manticore
 11956 | D:9      | Reached XP level 12. HP: 61/76 MP: 12/12
 12373 | D:10     | Entered Level 10 of the Dungeon
 12386 | D:10     | Found an opulent altar of Gozag.
 12707 | D:10     | Noticed a two-headed ogre
 12724 | D:10     | Killed a two-headed ogre
 12821 | D:10     | Noticed a two-headed ogre
 12834 | D:10     | Killed a two-headed ogre
 14462 | Lair:1   | Entered Level 1 of the Lair of Beasts
 14917 | Lair:1   | Noticed a boulder beetle
 14930 | Lair:1   | Killed a boulder beetle
 14931 | Lair:1   | Reached XP level 13. HP: 69/80 MP: 13/13
 15599 | Lair:2   | Noticed Amaemon
 15605 | Lair:1   | Reached skill level 1 in Evocations
 15606 | Lair:1   | Identified the +4 double sword "Nepnow" {heavy, Drain Will+
                  | rCorr Stlth+} (Trog gifted it to you on level 1 of the Lair
                  | of Beasts)
 15606 | Lair:1   | Received a gift from Trog
 15607 | Lair:1   | Reached skill level 1 in Throwing
 15623 | Lair:1   | Killed Amaemon
 16127 | Lair:2   | Found a transporter.
 16170 | Lair:2   | Found a transporter.
 16332 | Lair:2   | Reached skill level 10 in Fighting
 16565 | Lair:2   | Noticed Flugkiller's ghost (journeyman BaEn)
 16580 | Lair:2   | Found a bloodstained altar of Trog.
 16918 | Lair:2   | Reached skill level 10 in Armour
 17545 | Lair:3   | Found a staircase to the Snake Pit.
 17932 | Lair:3   | Found a staircase to the Swamp.
 18131 | Lair:3   | Gained mutation: Your large and strong wings let you fly.
                  | [Gargoyle growth]
 18131 | Lair:3   | Reached XP level 14. HP: 76/88 MP: 14/14
 18140 | Lair:3   | Reached ****** piety under Trog
 18805 | Lair:4   | Noticed Sonja
 18810 | Abyss:2  | Cast into level 2 of the Abyss (Sonja)
 18839 | Abyss:2  | Found a corrupted altar of Lugonu.
 18862 | Lair:4   | Escaped the Abyss
 18863 | Lair:4   | Sonja changed into Sonja the hornet
 18863 | Lair:4   | Noticed Sonja
 18876 | Lair:4   | Killed Sonja the hornet
 19145 | Lair:4   | Identified the ring "Pyhaos" {rCorr Int+5}
 19881 | Lair:5   | Entered Level 5 of the Lair of Beasts
 20038 | Lair:5   | Reached skill level 5 in Evocations
 20099 | Lair:5   | Found a staircase to the Slime Pits.
 20206 | Lair:5   | Received a gift from Trog
 20207 | Lair:5   | Reached skill level 5 in Throwing
 20825 | Lair:5   | Reached skill level 10 in Shields
 21163 | Lair:5   | Found a burning altar of Makhleb.
 21498 | Lair:5   | Found a gateway to Hell.
 21530 | Lair:5   | Identified the staff of air "Yczez" {rElec Dex+2}
 21574 | Lair:5   | Noticed a dire elephant
 21596 | Lair:5   | Killed a dire elephant
 22734 | D:12     | Found Beasoinu's Book Shop.
 22990 | D:13     | Reached XP level 15. HP: 92/92 MP: 15/15
 23270 | D:13     | Received a gift from Trog
 24110 | D:14     | Reached skill level 10 in Dodging
 24825 | D:14     | Found a gate to the Vaults.
 25201 | D:15     | Entered Level 15 of the Dungeon
 25610 | D:15     | Found a broken altar of Ashenzari.
 25870 | D:15     | Found a frozen archway.
 25913 | IceCv    | Entered an ice cave
 25944 | IceCv    | Received a gift from Trog
 26866 | IceCv    | Reached XP level 16. HP: 90/100 MP: 16/16
 27460 | IceCv    | Found the +2 hood of the Assassin {Detect Stab+ Stlth++}
 27467 | IceCv    | Identified the staff of fire "Xuuzas" {rPois rF+ SInv
                  | Stlth+}
 27717 | D:15     | Found Kanutady's Jewellery Shoppe.
 27724 | D:15     | Found Wiqooll's Book Emporium.
 27826 | D:15     | Bought a +4 ring of slaying for 1482 gold pieces
 28319 | D:15     | Received a gift from Trog
 28469 | D:15     | Found a staircase to the Depths.
 28707 | Orc:1    | Entered Level 1 of the Orcish Mines
 28859 | Orc:1    | Found a dark tunnel.
 28952 | Orc:1    | Noticed Maurice
 29007 | Orc:1    | Killed Maurice
 29148 | Orc:1    | Found a transporter.
 29150 | Orc:1    | Noticed Necsenou's ghost (journeyman GnWn)
 29167 | Orc:1    | Found a transporter.
 29320 | Orc:2    | Entered Level 2 of the Orcish Mines
 29372 | Orc:2    | Found a runed translucent gate.
 29372 | Orc:2    | Found a runed translucent gate.
 29372 | Orc:2    | Found a runed translucent gate.
 29380 | Orc:2    | Found Pufui's Weapon Shop.
 29483 | Orc:2    | Found a staircase to the Elven Halls.
 29603 | Orc:2    | Found Qaukkige's Distillery.
 29623 | Orc:2    | Found Edwamp's Book Boutique.
 29739 | Orc:2    | Found Budihast's Antique Weapon Boutique.
 29777 | Orc:2    | Received a gift from Trog
 29868 | Orc:2    | Found Hipnagg's Book Emporium.
 29924 | Orc:2    | Noticed Rupert
 29969 | Orc:2    | Killed Rupert
 30076 | Orc:2    | Noticed GrimJard's ghost (journeyman DEIE)
 30221 | Orc:2    | Noticed Erolcha
 30230 | Orc:2    | Killed Erolcha
 30511 | Orc:2    | Found Ovodis's General Store.
 30531 | Orc:2    | Found Fuppet's Weapon Boutique.
 30662 | Orc:2    | Found Beada's Weapon Boutique.
 30702 | Orc:2    | Found Ynitax's Antique Armour Shop.
 31455 | Swamp:1  | Entered Level 1 of the Swamp
 31510 | Swamp:1  | Received a gift from Trog
 31770 | Swamp:1  | Identified Roxanne's Elucidation of Therianthropy
 31770 | Swamp:1  | Noticed Roxanne
 31979 | Swamp:1  | Killed Roxanne
 32200 | Swamp:1  | Reached XP level 17. HP: 18/108 MP: 17/17
 32873 | Swamp:2  | Noticed Aizul
 32894 | Swamp:2  | Killed Aizul
 33616 | Swamp:3  | Found a runed translucent door.
 34205 | Swamp:3  | Reached skill level 10 in Throwing
 34224 | Swamp:3  | Received a gift from Trog
 34225 | Swamp:3  | Reached skill level 10 in Evocations
 34324 | Swamp:3  | Identified the +6 broad axe of Siappi {vamp, Str+3}
 34782 | Swamp:4  | Entered Level 4 of the Swamp
 35211 | Swamp:4  | Identified the +5 whip "Starlight" {antimagic, Str+6}
 36808 | Swamp:4  | Got a decaying rune of Zot
 36921 | Snake:1  | Entered Level 1 of the Snake Pit
 36945 | Snake:1  | Received a gift from Trog
 37040 | Snake:1  | Reached XP level 18. HP: 89/117 MP: 18/18
 37129 | Snake:1  | Noticed sleeves's ghost (adept BaSu)
 37130 | Snake:1  | Found a transporter.
 37149 | Snake:1  | Found a transporter.
 38369 | Snake:2  | Found Pacil's Weapon Boutique.
 38452 | Snake:2  | Reached skill level 15 in Fighting
 38512 | Snake:2  | Reached skill level 15 in Armour
 38774 | Snake:2  | Received a gift from Trog
 39654 | Snake:3  | Found a runed translucent door.
 39655 | Snake:3  | Noticed Stil's ghost (adept DsIE)
 40819 | Snake:3  | Killed Stil's ghost
 40857 | Snake:3  | Acquired a manual of Armour
 40858 | Snake:3  | Acquired the ring of Pook {rElec rPois rF+ rC+}
 40879 | Snake:4  | Entered Level 4 of the Snake Pit
 40884 | Snake:4  | Found Buakkag's Armour Shop.
 40886 | Snake:4  | Found Veqisaj's Magic Scroll Boutique.
 40889 | Snake:4  | Found Sink's Armour Shop.
 41715 | Snake:4  | Identified the +2 halberd of Fomar {flame, Str+2} (Trog
                  | gifted it to you on level 4 of the Snake Pit)
 41715 | Snake:4  | Received a gift from Trog
 41821 | Snake:4  | HP: 1/120 [salamander tyrant/flame surge (28)]
 41822 | Snake:4  | Shot with an arrow by a naga sharpshooter

Illustrated notes

Levels and vault maps discovered:
D:1:      dpeg_arrival_rooms_with_view, layout_loops_ring
D:2:      layout_basic, basic_altar, serial_shops, shop, st_stairs_3,
          minmay_misc_feat_rows, minmay_misc_feat_tiny,
          amcnicky_mini_rare_corridor_liquid, uniq_crazy_yiuf_cottage,
          uniq_sigmund, uniq_robin
D:3:      layout_basic, hellmonk_ecumenical_altar_zigzags,
          hangedman_glass_teeth, chequers_serial_rivers_small_3,
          nicolae_kite_square_tiling_tiny, minmay_starry_boxes
D:4:      layout_basic, serial_forest, infiniplex_forest_straight_3,
          infiniplex_forest_straight_1, infiniplex_forest_corner_1,
          infiniplex_forest_corner_2, infiniplex_forest_lined_3_way,
          portal_sewer_entry_d, uniq_menkaure
D:5:      layout_gridville, temple_green
D:6:      layout_gridville, nicolae_overflows_in_rows,
          minmay_hollow_rounded_squares
D:7:      layout_layer_cave, serial_shops, nicolae_shop_stone
D:8:      cheibrodos_barr_body, layout_basic, lair_entry_dummy, serial_ice,
          serial_ice_c, serial_ice_k, serial_ice_h, serial_ice_e, serial_ice_m,
          serial_ice_f, serial_ice_b, serial_ice_a, uniq_maggie, uniq_gastronok,
          uniq_grum
D:9:      minmay_bloctagon_deflated, layout_basic, orc_david_3
D:10:     layout_cave_pools, nicolae_gozag_seed_capital
D:11:     layout_loops_ring
D:12:     nicolae_cairo_tiling_very_big, layout_loops_ring, serial_shops,
          kennysheep_little_box
D:13:     layout_rooms, grunt_ogre_cave
D:14:     layout_roguey, skrybe_vaults_entry_preservation
D:15:     hangedman_depths_entry_try_elsewhere_first, layout_irregular_city,
          serial_ice, serial_ice_b, serial_ice_j, serial_ice_o, serial_ice_d,
          serial_ice_n, serial_ice_g, portal_ice_cave_entry_frozen_things,
          nicolae_ashenzari_panopticon, serial_shops, nicolae_shop_statue_plus,
          minmay_shop_enchanted_jewellery, drop_trap
Temple:   minmay_temple_forest_path
Lair:1:   layout_regular_city, gauntlet_entry_generic,
          nicolae_quartered_pool_super, serial_bayou_pond_d, grunt_megastairs_2,
          infiniplex_staircase_pool
Lair:2:   layout_loops_ring, gammafunk_ghost_wrathful_warriors,
          nicolae_lair_grove_arrangements, uniq_amaemon
Lair:3:   layout_loops_ring, skrybe_swamp_entry_bodies,
          minmay_snake_entry_six_corridors
Lair:4:   layout_loops_ring, wad_woods_03, uniq_sonja
Lair:5:   evil_forest, layout_misc_corridors, dpeg_slime_entry_enclosed
Swamp:1:  layout_falls_marsh, evilmike_swamp_ruin_rubble_2, uniq_roxanne
Swamp:2:  layout_basic_swamp, evilmike_swamp_ruin_house_4, uniq_aizul
Swamp:3:  gammafunk_mikee_crab_dinner, layout_basic_swamp,
          nicolae_swamp_feature_on_the_river_bank, swamp_pool1,
          hangedman_swamp_wriggling
Swamp:4:  swamp_basic_johnstein, layout_basic_swamp
Snake:1:  layout_rooms, gammafunk_ghost_arena
Snake:2:  layout_layer_cave, serial_shops, nicolae_shop_bloodbath_and_beyond
Snake:3:  layout_chambers, hellmonk_ghost_happy_afterlife, lemuel_fruit_tree
Snake:4:  minmay_snake_end_coiled, layout_onion, serial_shops,
          nicolae_shop_behind_doors, minmay_shop_star
Orc:1:    layout_diamond_mine, gammafunk_ghost_stat_death,
          nicolae_volcano_entry_lava_flow, uniq_maurice
Orc:2:    hellmonk_orc_salted, layout_caves, biasface_ghost_orc_armoury,
          serial_shops, shop, nicolae_shop_mannequins, shop, shop, shop,
          uniq_rupert, uniq_erolcha

Skill      XL: |  1  2  3  4  5  6  7  8  9 10 11 12 13 14 15 16 17 18 |
---------------+-------------------------------------------------------+-----
Polearms       | 3 4 5 7 8 9 10 13 14 | 14.0
Dodging        | 2 3 4 5 6 7 8 9 10 11 12 13 | 13.4
Armour         | 3 4 5 6 7 9 10 11 12 14 15 | 15.9
Fighting       | 4 5 6 7 8 9 10 11 12 14 15 | 15.6
Shields        | 3 5 6 8 10 | 10.0
Evocations     | 4 6 8 9 10 | 10.0
Throwing       | 4 6 8 9 10 | 10.1

Action                     |  1- 3 |  4- 6 |  7- 9 | 10-12 | 13-15 | 16-18 || total
---------------------------+-------+-------+-------+-------+-------+-------++-------
  Melee: Spear             |   136 |   342 |   158 |       |       |       ||   636
         Punch             |     2 |     6 |     4 |       |       |       ||    12
         Trident           |       |       |   360 |   897 |   748 |       ||  2005
         Demon trident     |       |       |       |       |  1109 |  1933 ||  3042
  Throw: Stone             |       |     3 |       |       |       |     2 ||     5
         Boomerang         |       |       |       |     1 |    13 |    84 ||    98
         Javelin           |       |       |       |       |       |     5 ||     5
 Invoke: Berserk           |     1 |     3 |     6 |     2 |     1 |     2 ||    15
         Trog's Hand       |       |       |     2 |     1 |     3 |     3 ||     9
         Brothers in Arms  |       |       |       |       |       |     1 ||     1
  Evoke: Wand              |       |       |       |       |     1 |       ||     1
    Use: Scroll            |     1 |     8 |     6 |    11 |     7 |    12 ||    45
         Potion            |       |       |     1 |     2 |     1 |     1 ||     5
   Stab: Distracted        |       |       |       |       |       |     2 ||     2
 Armour: Animal skin       |    16 |       |       |       |       |       ||    16
         Ring mail         |    26 |       |       |       |       |       ||    26
         Scale mail        |       |   118 |   302 |    22 |       |       ||   442
         Chain mail        |       |       |       |   427 |   728 |    36 ||  1191
         Plate armour      |       |       |       |       |       |   774 ||   774
  Dodge: Dodged            |    66 |   121 |   262 |   338 |   563 |   465 ||  1815
  Block: Buckler           |       |       |    54 |   303 |   494 |   457 ||  1308
